 Dungeon Crawl Stone Soup version 0.23-a0-305-g7ffd15e (webtiles) character file.

19736 Petrovich the Unseen (level 12, -22/89 HPs)
             Began as a Vampire Enchanter on Oct 9, 2018.
             Was the Champion of Okawaru.
             Killed by the air
             ... invoked by Gastronok
              (45 damage)
             ... on level 2 of the Lair of Beasts.
             The game lasted 01:18:45 (14861 turns).

Petrovich the Unseen (Vampire Enchanter)           Turns: 14861, Time: 01:18:46

Health: -22/89     AC:  0    Str: 11    XL:     12   Next: 39%
Magic:  12/18      EV: 30    Int: 18    God:    Okawaru [******]
Gold:   724        SH:  0    Dex: 24    Spells: 6/19 levels left

rFire    . . .     SeeInvis +   (weapon currently unavailable)
rCold    . . .     Gourm    .   (shield currently unavailable)
rNeg     + . .     Faith    .   (armour currently unavailable)
rPois    .         Spirit   .   (helmet currently unavailable)
rElec    .         Reflect  .   (cloak currently unavailable)
rCorr    .         Harm     +   (gloves currently unavailable)
MR       +....                  (boots currently unavailable)
Stlth    +++++++++.             N - amulet "Sekolol" {Harm *Drain Str+4}
HPRegen  0.24/turn              (ring currently unavailable)
MPRegen  0.16/turn              (ring currently unavailable)

@: bat-form, flying, very quick
A: tiny, fangs 3, see invisible
a: End Transformation, Heroism, Finesse, Renounce Religion


You were on level 2 of the Lair of Beasts.
You worshipped Okawaru.
Okawaru was exalted by your worship.
You were not thirsty.
You were in vampire-bat-form.
You visited 3 branches of the dungeon, and saw 16 of its levels.

You collected 864 gold pieces.
You spent 140 gold pieces at shops.

Inventory:

Hand Weapons
 i - the +8 demon trident of Butzu {venom, +Rage rPois Str+4}
   (Okawaru gifted it to you on level 2 of the Lair of Beasts)

   It poisons the flesh of those it strikes.
   It affects your strength (+4).
   It protects you from poison.
   It lets you go berserk.
 t - a +4 dagger of freezing (melded)
 K - a +5 dagger
 U - a +0 dagger of flaming
 W - a +0 blowgun
Missiles
 g - 4 steel javelins (quivered)
 E - 90 poisoned needles
 G - 2 throwing nets
 H - 4 needles of sleeping
Armour
 f - a +0 pair of boots (melded)
 k - a +0 pair of gloves (melded)
 l - a +0 cloak (melded)
 o - a +0 buckler
 r - a +0 helmet (melded)
 w - a +0 troll leather armour
 M - the +0 leather armour of Intercession {rElec Str-4 Dex+6}
   (You found it on level 4 of the Dungeon)

   It affects your strength (-4).
   It affects your dexterity (+6).
   It insulates you from electricity.
 O - the +5 ring mail of Cisefizoch {rPois rN+}
   (You found it on level 11 of the Dungeon)

   It protects you from poison.
   It protects you from negative energy.
 X - a +2 robe of resistance (melded)
Jewellery
 n - a ring of resist corrosion (melded)
 z - the ring of Amyw (melded) {*Drain Str+2 Slay+2 SInv Stlth+}
   (You found it on level 13 of the Dungeon)

   [ring of stealth]

   It affects your strength (+2).
   It affects your accuracy and damage with ranged weapons and melee attacks
   (+2).
   It lets you see invisible.
   It causes draining when unequipped.
   It makes you more stealthy.
 N - the amulet "Sekolol" (around neck) {Harm *Drain Str+4}
   (You bought it in a shop on level 7 of the Dungeon)

   [amulet of harm]

   It increases damage dealt and taken.
   It affects your strength (+4).
   It causes draining when unequipped.
 Y - a cursed amulet of inaccuracy {unknown}
Wands
 a - a wand of flame (63)
 y - a wand of disintegration (43)
 L - a wand of polymorph (9)
 P - a wand of iceblast (6)
 Z - a wand of paralysis (12)
Scrolls
 b - 5 scrolls of blinking
 c - a scroll of amnesia
 e - a scroll of silence {!r}
 j - 3 scrolls of enchant armour
 m - a scroll of noise {!r}
 q - 2 scrolls of enchant weapon
 B - a scroll of immolation {!r}
 F - a scroll of fear
 R - 6 scrolls of remove curse
 T - 6 scrolls of teleportation
Potions
 d - 32 potions of blood
 h - 4 potions of mutation {!q}
 p - 2 potions of berserk rage
 u - 3 potions of flight
 v - 4 potions of lignification {!q}
 x - 2 potions of heal wounds
 A - 4 potions of haste
 C - 8 potions of curing
 D - a potion of agility
 I - 2 potions of brilliance
 J - a potion of resistance
 Q - a potion of invisibility {unknown}
 S - 2 potions of might


   Skills:
 + Level 6.8 Fighting
 * Level 7.6 Short Blades
 + Level 8.6 Dodging
 * Level 17.9 Stealth
 + Level 2.0 Shields
 - Level 4.0 Spellcasting
 + Level 13.8 Hexes
 - Level 2.0 Invocations


You had 6 spell levels left.
You knew the following spells:

 Your Spells              Type           Power        Failure   Level  Hunger
b - Ensorcelled Hibernat  Hex/Ice        ####..       1%          2    ##.....
c - Confuse               Hex            ######..     1%          3    ###....
d - Tukima's Dance        Hex            ######..     1%          3    ###....
s - Dazzling Spray        Conj/Hex       ####..       2%          3    ###....
w - Passwall              Tmut/Erth      #.......     22%         2    ##.....

Your spell library contained the following spells:

 Spells                   Type           Power        Failure   Level  Hunger
 Confusing Touch          Hex            ######       1%          1    None
 Corona                   Hex            ######.      1%          1    None
 Invisibility             Hex            ######..     8%          6    #######
 Animate Skeleton         Necr           N/A          14%         1    None
 Apportation              Tloc           #.....       14%         1    None
 Beastly Appendage        Tmut           #.....       14%         1    None
 Sandblast                Erth           #.....       14%         1    None
 Summon Butterflies       Summ           #.......     14%         1    None
 Summon Small Mammal      Summ           #...         14%         1    None
 Poisonous Vapours        Pois/Air       #.....       22%         2    ##.....
 Metabolic Englaciation   Hex/Ice        ####......   24%         5    ######.
 Yara's Violent Unravell  Hex/Tmut       ####......   24%         5    ######.
 Conjure Flame            Conj/Fire      #.......     41%         3    ###....
 Gell's Gravitas          Tloc           #.........   41%         3    ###....
 Lesser Beckoning         Tloc           #.........   41%         3    ###....
 Mephitic Cloud           Conj/Pois/Air  #.......     41%         3    ###....
 Stone Arrow              Conj/Erth      #.....       41%         3    ###....
 Petrify                  Tmut/Erth      #.......     82%         4    ####...
 Alistair's Intoxication  Tmut/Pois      #.......     99%         5    ######.
 Lee's Rapid Deconstruct  Erth           #.........   99%         5    ######.
 Freezing Cloud           Conj/Ice/Air   #.........   100%        6    #######
 Ring of Flames           Chrm/Fire      #.........   100%        7    #######


Dungeon Overview and Level Annotations

Branches:
Dungeon (13/15)            Temple (1/1) D:5            Lair (2/6) D:10
 Spider (0/4) Lair:2          Orc (0/2) D:12
  Swamp: Lair:2-4    Shoals: Lair:2-4    Vaults: D:13-14

Altars:
Ashenzari
Cheibriados
Dithmenos
Elyvilon
Fedhas
Kikubaaqudgha
Nemelex Xobeh
Okawaru
Qazlal
Ru
Sif Muna
Uskayaw
Xom
Yredelemnul
Zin
The Shining One

Shops:
D:7 *   D:13 (

Annotations:
D:4 1 runed door, exclusion: player ghost, epen's ghost, amateur MfMo
D:8 exclusion: oklob plant
D:9 exclusion: ice statue
D:13 exclusion: centaur warrior, Frances
Lair:2 Gastronok


Innate Abilities, Weirdness & Mutations

You have razor-sharp teeth.
You have supernaturally acute eyesight. (SInv)
((You can survive without breathing.))


Message History

The komodo dragon closely misses you. The killer bee closely misses you.
Gastronok waves his eye-stalks in wide circles.
The air twists around and violently strikes you in flight!
Ouch! That really hurt!
* * * LOW HITPOINT WARNING * * *
You feel much better. The bat hits you.
* * * LOW HITPOINT WARNING * * *
The killer bee completely misses you. The bat completely misses you. x2
The killer bee barely misses you. The bat completely misses you. x2
The killer bee closely misses you. The bat misses you.
There is a stone staircase leading up, spattered with blood here.
The bat completely misses you. The bat hits you.
* * * LOW HITPOINT WARNING * * *
The bat completely misses you. The killer bee completely misses you.
The killer bee barely misses you.
Gastronok waves his eye-stalks in wide circles.
The air twists around and violently strikes you in flight!
Ouch! That really hurt!
You die...

.......# #..#..# ......
#.P#.## #...## ## ####.##
###....### ##P# ##...#
......>..###.P.# #...§##
≈..............######.#....#
≈..........#..##b.........##
≈....#......####.#....#####
..####.##....l..b#...### ≈.
#...#......yb......# ##
≈..P#............b....##
##.# ≈.........#...........#
#... ..#....#####..........#
#... #.....(P P........?..P#
#... ......................#
#... #.......#.........w.#[#
#...
##....y......#........####.
#...


You could see Gastronok, a komodo dragon, a killer bee and 3 bats.

Vanquished Creatures
  Erolcha (D:11)
  A hydra (D:13)
  Erica (D:9)
  Nergalle (Lair:2)
  An unseen horror (D:13)
  An ugly thing (D:12)
  A deep elf mage (D:12)
  A wolf spider zombie (D:11)
  An oklob plant (D:10)
  2 cyclopes
  A spiny frog (Lair:2)
  A komodo dragon (Lair:1)
  2 tengu conjurers (D:13)
  4 trolls
  A polar bear (D:11)
  2 slime creatures
  5 hippogriffs
  16 yaks
  Eustachio (D:4)
  A human (D:3)
  4 hungry ghosts
  4 orc warriors
  A sky beast (D:10)
  An eye of draining (D:10)
  10 ice beasts
  5 ogres
  6 phantoms
  3 centaurs
  A wolf (D:11)
  2 crocodiles (Lair:1)
  2 big kobolds
  12 bullfrogs
  A scorpion (D:6)
  A water moccasin zombie (D:9)
  A wyvern skeleton (D:6)
  4 killer bees (D:8)
  10 wights
  5 howler monkeys
  4 crimson imps
  A quasit (D:12)
  A bullfrog zombie (D:8)
  3 centaur zombies
  6 jellies
  8 orc priests
  3 hounds
  A human zombie (D:3)
  2 centaur skeletons
  Crazy Yiuf (D:4)
  3 iguanas
  Ijyb (D:4)
  10 worker ants
  Natasha (twice) (D:4)
  18 orc wizards
  A bullfrog simulacrum (D:11)
  A centaur simulacrum (D:11)
  A hound zombie (D:7)
  2 worker ant zombies
  13 gnolls
  16 adders
  6 shadow imps
  2 white imps (D:11)
  4 ufetubi (D:11)
  7 oozes
  5 adder zombies
  2 adder skeletons
  4 worms
  3 dart slugs
  4 leopard geckos
  61 orcs
  7 giant cockroaches
  10 goblins
  7 hobgoblins
  8 jackals
  8 quokkas
  A ball python (D:4)
  14 bats
  2 frilled lizards
  16 kobolds
  A kobold skeleton (D:3)
  A kobold zombie (D:3)
  A leopard gecko zombie (D:5)
  A quokka skeleton (D:5)
  9 rats
  2 plants (D:10)
402 creatures vanquished.

Vanquished Creatures (collateral kills)
  An orc warrior (D:9)
  5 wights (D:11)
  An orc priest (D:13)
  A howler monkey zombie (D:9)
  An orc (D:9)
9 creatures vanquished.

Vanquished Creatures (others)
  3 dancing weapons
  A quokka (D:9)
4 creatures vanquished.

Grand Total: 415 creatures vanquished

Notes
Turn   | Place    | Note
-------+----------+-------------------------------------------
     0 | D:1      | Petrovich the Vampire Enchanter began the quest for the
                  | Orb.
     0 | D:1      | Reached XP level 1. HP: 13/13 MP: 3/3
   132 | D:1      | Reached XP level 2. HP: 13/19 MP: 5/5
   242 | D:1      | Reached skill level 5 in Stealth
   300 | D:1      | Reached skill level 5 in Hexes
   553 | D:1      | Learned a level 2 spell: Ensorcelled Hibernation
   589 | D:1      | Reached XP level 3. HP: 16/24 MP: 6/6
  1152 | D:2      | Reached XP level 4. HP: 30/30 MP: 5/7
  1396 | D:3      | Reached skill level 6 in Stealth
  1776 | D:2      | Learned a level 3 spell: Confuse
  2088 | D:3      | Reached XP level 5. HP: 15/35 MP: 4/9
  2286 | D:3      | Found a runed door.
  2286 | D:3      | Noticed a human
  2289 | D:3      | Found a basalt altar of Yredelemnul.
  2467 | D:3      | Killed a human
  2467 | D:3      | Reached skill level 7 in Stealth
  2467 | D:3      | Reached XP level 6. HP: 32/41 MP: 2/10
  2877 | D:3      | Reached skill level 8 in Stealth
  3047 | D:4      | Noticed Ijyb
  3129 | D:4      | Got a translucent leather armour
  3149 | D:4      | Reached XP level 7. HP: 46/46 MP: 8/12
  3291 | D:4      | Found a runed door.
  3293 | D:4      | Noticed epen's ghost (amateur MfMo)
  3409 | D:4      | Noticed Natasha
  3453 | D:4      | Reached skill level 9 in Stealth
  3645 | D:4      | Noticed Eustachio
  3682 | D:4      | Found a glowing golden altar of the Shining One.
  4028 | D:5      | Entered Level 5 of the Dungeon
  4215 | D:5      | Found a shadowy altar of Dithmenos.
  4485 | D:5      | Found a staircase to the Ecumenical Temple.
  4499 | Temple   | Entered the Ecumenical Temple
  4524 | Temple   | Became a worshipper of Warmaster Okawaru
  4976 | D:5      | Reached skill level 10 in Stealth
  4976 | D:5      | Reached XP level 8. HP: 50/52 MP: 3/14
  5212 | D:4      | Killed Natasha
  5229 | D:4      | Killed Ijyb
  5255 | D:4      | Found a runed door.
  5286 | D:4      | Noticed Crazy Yiuf
  5290 | D:4      | Killed Crazy Yiuf
  5366 | D:4      | Killed Eustachio
  5366 | D:4      | Reached * piety under Okawaru
  5366 | D:4      | Reached skill level 1 in Fighting
  5378 | D:4      | Identified the +0 leather armour of Intercession {rElec
                  | Str-4 Dex+6} (You found it on level 4 of the Dungeon)
  5468 | D:4      | Noticed Natasha
  5472 | D:4      | Killed Natasha
  5609 | D:5      | Found a blossoming altar of Fedhas.
  5611 | D:5      | Found a shimmering altar of Xom.
  5611 | D:5      | Found a basalt altar of Yredelemnul.
  5613 | D:5      | Found a white marble altar of Elyvilon.
  5613 | D:5      | Found a glowing silver altar of Zin.
  5613 | D:5      | Found a shattered altar of Ashenzari.
  5857 | D:5      | Reached skill level 11 in Stealth
  5857 | D:5      | Reached skill level 10 in Hexes
  5961 | D:6      | Reached ** piety under Okawaru
  6323 | D:6      | Reached skill level 12 in Stealth
  6357 | D:6      | Reached XP level 9. HP: 62/62 MP: 11/15
  6441 | D:6      | Reached skill level 1 in Invocations
  7030 | D:7      | Learned a level 3 spell: Tukima's Dance
  7034 | D:7      | Learned a level 3 spell: Dazzling Spray
  7037 | D:7      | Learned a level 2 spell: Passwall
  7086 | D:7      | Found a basalt altar of Yredelemnul.
  7447 | D:7      | Reached skill level 13 in Stealth
  7538 | D:7      | Found Otipn's Assorted Antiques.
  7546 | D:7      | Bought a vibrating silver amulet for 140 gold pieces
  7546 | D:7      | Identified the amulet "Sekolol" {Harm *Drain Str+4} (You
                  | bought it in a shop on level 7 of the Dungeon)
  7605 | D:7      | Reached skill level 5 in Dodging
  7701 | D:7      | Reached *** piety under Okawaru
  7949 | D:8      | Found a blossoming altar of Fedhas.
  7969 | D:8      | Noticed an oklob plant
  9008 | D:9      | Reached skill level 14 in Stealth
  9010 | D:9      | Reached XP level 10. HP: 64/71 MP: 16/16
  9229 | D:9      | Found a white marble altar of Elyvilon.
  9488 | D:9      | Reached **** piety under Okawaru
  9701 | D:9      | Noticed an ice statue
  9702 | D:9      | Noticed Erica
  9711 | D:9      | Killed Erica
  9711 | D:9      | Reached ***** piety under Okawaru
  9711 | D:9      | Reached skill level 5 in Fighting
  9711 | D:9      | Reached skill level 15 in Stealth
 10023 | D:10     | Entered Level 10 of the Dungeon
 10604 | D:10     | Found a staircase to the Lair.
 10604 | D:10     | Noticed an oklob plant
 10799 | D:10     | Killed an oklob plant
 10799 | D:10     | Reached XP level 11. HP: 80/80 MP: 13/17
 10883 | D:11     | Noticed Erolcha
 10893 | D:11     | Killed Erolcha
 10922 | D:11     | Got a steaming ring mail
 10927 | D:11     | Reached skill level 16 in Stealth
 11456 | D:11     | Received a gift from Okawaru
 11665 | D:11     | Identified the +5 ring mail of Cisefizoch {rPois rN+} (You
                  | found it on level 11 of the Dungeon)
 11831 | D:12     | Noticed a deep elf mage
 11838 | D:12     | Killed a deep elf mage
 11838 | D:12     | Reached ****** piety under Okawaru
 11838 | D:12     | Reached skill level 5 in Short Blades
 12151 | D:12     | Found a staircase to the Orcish Mines.
 12406 | D:12     | Found a deep blue altar of Sif Muna.
 12419 | D:12     | Identified Sif Muna's Volume of Transmutation
 12437 | D:12     | Noticed a green ugly thing
 12497 | D:12     | Killed a green ugly thing
 12497 | D:12     | Reached skill level 17 in Stealth
 12811 | D:13     | Got a vibrating turquoise ring
 12828 | D:13     | Noticed Frances
 12849 | D:13     | Noticed a four-headed hydra
 12854 | D:13     | Killed a four-headed hydra
 12854 | D:13     | Received a gift from Okawaru
 13019 | D:13     | Found Xelomowuir's Weapon Shop.
 13048 | D:13     | Noticed a centaur warrior
 13048 | D:13     | Noticed an unseen horror
 13054 | D:13     | Killed an unseen horror
 13054 | D:13     | Reached XP level 12. HP: 89/89 MP: 9/18
 13593 | Lair:1   | Entered Level 1 of the Lair of Beasts
 13622 | Lair:1   | Identified the ring of Amyw {*Drain Str+2 Slay+2 SInv
                  | Stlth+} (You found it on level 13 of the Dungeon)
 13691 | Lair:1   | Reached skill level 1 in Shields
 14560 | Lair:2   | Noticed Nergalle
 14560 | Lair:2   | Noticed Gastronok
 14768 | Lair:2   | Killed Nergalle
 14795 | Lair:2   | Received a gift from Okawaru
 14796 | Lair:2   | Got a fine demon trident {god gift}
 14797 | Lair:2   | Identified the +8 demon trident of Butzu {venom, +Rage
                  | rPois Str+4} (Okawaru gifted it to you on level 2 of the
                  | Lair of Beasts)
 14837 | Lair:2   | Found a hole to the Spider Nest.
 14855 | Lair:2   | HP: 1/89 [Gastronok/the air (57)]
 14861 | Lair:2   | Killed from afar by Gastronok

Vault maps used:
D:1:      mrwooster_arrival_statue_3
D:2:      minivault_11, minmay_tromino_i4
D:3:      dk_yredelemnul_ordeal
D:4:      kennysheep_mini_moat, ebering_ghost_reflecting_pool, uniq_eustachio,
          uniq_ijyb, uniq_crazy_yiuf_cottage, uniq_natasha
D:5:      doesnt_xom_only_xom, nicolae_dithmenos_shadow_blocks, temple_pool_b,
          first_ration, minivault_27
D:7:      overflow_temple_1_default, serial_shops, shop
D:8:      tgw_fedhas
D:9:      lemuel_ice_statue, elyvilon_altar_4, kennysheep_generic_room_12,
          uniq_erica
D:10:     dpeg_oklobed_lair
D:11:     serial_ice, serial_ice_a, serial_ice_i, serial_ice_o, serial_ice_d,
          hangedman_little_slice_of_home, uniq_erolcha
D:12:     orc_0_dummy, kennysheep_crisscross, led_sif_book
D:13:     serial_glass, glass_columns_c, glass_columns_a, serial_shops, shop,
          uniq_frances, uniq_josephine
Temple:   nicolae_temple_elliptical
Lair:1:   hangedman_lair_unloving_vines
Lair:2:   regret_index_combs_of_tragedy, spider_nest_entry_a, enter_volcano_4,
          uniq_nergalle, uniq_harold, uniq_gastronok

Skill      XL: |  1  2  3  4  5  6  7  8  9 10 11 12 |
---------------+-------------------------------------+-----
Stealth        | 5 6 7 8 10 12 14 15 17 | 17.9
Hexes          | 5 6 7 8 9 10 11 12 13 | 13.8
Spellcasting   | 3 4 |  4.0
Fighting       | 2 4 5 6 |  6.8
Dodging        | 4 5 6 8 |  8.6
Invocations    | 2 |  2.0
Short Blades   | 3 6 7 |  7.6
Shields        | 2 |  2.0

Action                   |  1- 3 |  4- 6 |  7- 9 | 10-12 || total
-------------------------+-------+-------+-------+-------++-------
Melee: Dagger            |   136 |   201 |   268 |   390 ||   995
       Bite              |     9 |    14 |    18 |    45 ||    86
       Quarterstaff      |       |       |       |    13 ||    13
Throw: Javelin           |       |     1 |       |       ||     1
 Cast: Corona            |    23 |    27 |    13 |     3 ||    66
       Ensorcelled Hiber |     2 |    45 |   131 |   112 ||   290
       Confuse           |       |     9 |    38 |    69 ||   116
       Tukima's Dance    |       |       |     1 |    11 ||    12
       Dazzling Spray    |       |       |       |     7 ||     7
 Abil: Bat Form          |       |     2 |     8 |     8 ||    18
       End Transformatio |       |     2 |     8 |     7 ||    17
  Use: Potion            |     2 |    14 |     8 |    22 ||    46
       Scroll            |       |       |     3 |    23 ||    26
 Stab: Sleeping          |    17 |    27 |   101 |   103 ||   248
       Confused          |       |     7 |    15 |    37 ||    59
       Distracted        |       |       |     1 |       ||     1
Armor: Robe              |    35 |    34 |    34 |    27 ||   130
       Ring mail         |       |       |       |    14 ||    14
Dodge: Dodged            |    96 |   137 |   159 |   200 ||   592

Table legend:
 A = Non-vault XP
 B = Vault XP
 C = Vault XP percentage of total XP
 D = Non-vault monster count
 E = Vault monster count
 F = Vault count percentage of total count
                 A         B        C        D         E       F
            +---------+---------+-------+---------+---------+-------
      Total |   22622 |    5573 |  19.8 |     368 |      41 |  10.0
            +---------+---------+-------+---------+---------+-------
        D:1 |      49 |       0 |   0.0 |      29 |       0 |   0.0
        D:2 |      75 |      11 |  12.8 |      25 |       3 |  10.7
        D:3 |     190 |     235 |  55.3 |      30 |       4 |  11.8
        D:4 |     496 |     316 |  38.9 |      27 |       4 |  12.9
        D:5 |     658 |       0 |   0.0 |      22 |       0 |   0.0
        D:6 |    1260 |       0 |   0.0 |      29 |       0 |   0.0
        D:7 |    1179 |       0 |   0.0 |      20 |       0 |   0.0
        D:8 |     988 |       0 |   0.0 |      36 |       0 |   0.0
        D:9 |    2673 |    1018 |  27.6 |      43 |       2 |   4.4
       D:10 |    1330 |     542 |  29.0 |      16 |       1 |   5.9
       D:11 |    2015 |    2546 |  55.8 |      20 |      24 |  54.5
       D:12 |    3935 |      77 |   1.9 |      33 |       2 |   5.7
       D:13 |    4330 |       0 |   0.0 |      21 |       0 |   0.0
     Lair:1 |    1618 |       0 |   0.0 |       9 |       0 |   0.0
     Lair:2 |    1826 |     828 |  31.2 |       8 |       1 |  11.1
            +---------+---------+-------+---------+---------+-------
